 Dungeon Crawl Stone Soup version 0.27-a0-1116-g91b3acb402 (webtiles) character file.

Game seed: 9921250479594736850

70 funkygono the Firebug (level 4, -4/30 HPs)
             Began as a Demonspawn Fire Elementalist on May 2, 2021.
             Slain by a scorpion (6 damage)
             ... on level 2 of the Dungeon.
             The game lasted 00:04:48 (1729 turns).

funkygono the Firebug (DsFE)                        Turns: 1729, Time: 00:04:49

Health: -4/30      AC:  2    Str:  7 (8)  XL:     4   Next: 4%
Magic:  3/7        EV: 12    Int: 17 (18) God:
Gold:   137        SH:  4    Dex: 12 (13) Spells: 4/8 levels left

rFire    . . .     SeeInvis .   b - +1 whip
rCold    . . .     Faith    .   (no shield)
rNeg     . . .     Spirit   .   a - +0 robe
rPois    .         Reflect  .   (no helmet)
rElec    .         Harm     .   (no cloak)
rCorr    .         Rampage  .   (no gloves)
Will     .....                  (no boots)
Stlth    ++........             (no amulet)
HPRegen  0.10/turn              (no ring)
MPRegen  0.10/turn              (no ring)

@: no status effects
A: claws 1, condensation shield
a: no special abilities


You were on level 2 of the Dungeon.
You visited 1 branch of the dungeon, and saw 3 of its levels.

You collected 137 gold pieces.

Inventory:

Hand Weapons
 b - a +1 whip (weapon)
Missiles
 f - 40 stones
Armour
 a - a +0 robe (worn)
 d - a +0 leather armour
Magical Staves
 e - a staff of earth
Potions
 h - a potion of curing {unknown}
 i - a potion of might {unknown}
 j - a potion of magic {unknown}


   Skills:
 + Level 0.1 Maces & Flails
 + Level 2.0 Dodging
 - Level 1.7 Stealth
 * Level 2.6 Spellcasting
 * Level 2.0 Conjurations
 * Level 3.5 Fire Magic


You had 4 spell levels left.
You knew the following spells:

 Your Spells              Type           Power      Damage    Failure   Level
a - Foxfire               Conj/Fire      44%        2x1d6     6%          1
b - Conjure Flame         Conj/Fire      11%        6-21      17%         3

Your spell library contained the following spells:

 Spells                   Type           Power      Damage    Failure   Level
 Inner Flame              Hex/Fire       8%         N/A       26%         3
 Sticky Flame             Conj/Fire      11%        2d3       50%         4
 Fireball                 Conj/Fire      5%         3d5       85%         5


Dungeon Overview and Level Annotations

Branches:
Dungeon (3/15)

Altars:

Annotations:
D:3 Robin


Innate Abilities, Weirdness & Mutations

You have sharp fingernails.
A meltable shield of frost defends you. (SH +4)


Message History

There is a stone staircase leading down here.
Unknown command.
The scorpion barely misses you.
Casting: Foxfire (safe; 5% risk of failure)
Confirm with . or Enter, or press ? or * to list all spells.
You conjure some foxfire!
The scorpion barely misses you.
Casting: Foxfire (safe; 5% risk of failure)
Confirm with . or Enter, or press ? or * to list all spells.
You conjure some foxfire!
The foxfire hits the scorpion.
The scorpion is lightly wounded.
The scorpion barely misses you.
The foxfire hits the scorpion.
The scorpion is moderately wounded.
The foxfire hits the scorpion.
The scorpion is moderately wounded.
The foxfire hits the scorpion.
The scorpion is moderately wounded.
Casting: Foxfire (safe; 5% risk of failure)
Confirm with . or Enter, or press ? or * to list all spells.
You conjure some foxfire!
The scorpion stings you! The scorpion barely misses you.
Unknown command.
Casting: Foxfire (safe; 5% risk of failure)
Confirm with . or Enter, or press ? or * to list all spells.
You conjure some foxfire!
The foxfire hits the scorpion but does no damage.
The scorpion is moderately wounded.
The foxfire hits the scorpion but does no damage.
The scorpion is moderately wounded.
The foxfire hits the goblin.
You kill the goblin!
The scorpion stings you!
* * * LOW HITPOINT WARNING * * *
The foxfire hits the scorpion but does no damage.
The scorpion is moderately wounded.
It was a potion of degeneration.
There was something very wrong with that liquid.
You feel weakened.
You feel dopey.
You feel clumsy. The scorpion stings you.
You die...

##........)##.#.#####
<..........)........####
##.........)#>#........#
#####...###.#.#..#####.#
##### #...# #.#.#..#
#.###...# #...# #.#....#
#.....#.# ######.##
#.###.)# #.###...#
.......# #.#
#.s#####.####.##
######## #.#
#.@ยง.....##...# #.#
#.###.#.###...# #.#
#.###.#.# #...#
#.###...#...# ##.##
#....##.#..## #.#
#########.#.#...#####.#
#...##.....###.....##.#
#.#.##.##.#.#)####.##.#
####.#.##.##.##.##
#.##.#


You could see a scorpion.

Vanquished Creatures
  An adder (D:2)
  A worm (D:2)
  4 dart slugs
  4 ball pythons (D:1)
  3 endoplasms (D:1)
  A giant cockroach (D:1)
  12 goblins
  2 hobgoblins
  6 jackals (D:1)
  2 bats
  A frilled lizard (D:2)
  6 kobolds
  3 rats (D:1)
46 creatures vanquished.

Vanquished Creatures (others)
  96 foxfires
96 creatures vanquished.

Grand Total: 142 creatures vanquished

Notes
Turn   | Place    | Note
-------+----------+-------------------------------------------
     0 | D:1      | funkygono the Demonspawn Fire Elementalist began the quest
                  | for the Orb.
     0 | D:1      | Reached XP level 1. HP: 13/13 MP: 3/3
   148 | D:1      | Reached skill level 3 in Fire Magic
   154 | D:1      | Gained mutation: A meltable shield of frost defends you.
                  | (SH +4) [demonic ancestry]
   154 | D:1      | Reached XP level 2. HP: 19/19 MP: 1/5
   428 | D:1      | Reached XP level 3. HP: 13/24 MP: 1/6
   649 | D:1      | Learned a level 3 spell: Conjure Flame
  1441 | D:2      | Found a faded altar of an unknown god.
  1592 | D:3      | Noticed Robin
  1595 | D:3      | Noticed a scorpion
  1648 | D:2      | Gained mutation: You have sharp fingernails. [demonic
                  | ancestry]
  1648 | D:2      | Reached XP level 4. HP: 24/30 MP: 4/7
  1729 | D:2      | Slain by a scorpion

Illustrated notes

Levels and vault maps discovered:
D:1:      dpeg_arrival_simpleton_c, layout_rooms
D:2:      layout_loops_ring, ebering_ecumenical_altar_petrified
D:3:      layout_rooms, ebering_ghost_sewer_f, minmay_door_square,
          dk_noncrumbling_4, guppyfry_early_lair_pool, uniq_grinder, uniq_robin,
          uniq_ijyb

Skill      XL: |  1  2  3 |
---------------+----------+-----
Fire Magic     | 3 |  3.5
Dodging        | 2 |  2.0
Conjurations   | 2 |  2.0
Maces & Flails | |  0.1
Stealth        | |  1.7
Spellcasting   | |  2.6

Action                   |  1- 3 |  4- 6 || total
-------------------------+-------+-------++-------
Melee: Whip              |    13 |       ||    13
 Cast: Foxfire           |    58 |     4 ||    62
  Use: Scroll            |     2 |       ||     2
       Potion            |       |     1 ||     1
 Stab: Sleeping          |     1 |       ||     1
Armor: Robe              |     7 |       ||     7
Dodge: Dodged            |    18 |     7 ||    25
Block: Other             |     6 |     1 ||     7

Table legend: (Time is in decaauts)
 A = Elapsed time spent in this place.
 B = Non-inter-level travel time spent in this place.
 C = Inter-level travel time spent in this place.
 D = Time resting spent in this place.
 E = Time spent auto-exploring this place.
 F = Levels seen in this place.
 G = Mean time per level.
                   A        B        C        D        E       F      G
               +--------+--------+--------+--------+--------+-----+--------+
         Total |   1731 |   1670 |     61 |     51 |   1330 |   3 |  577.0 |
       Dungeon |   1731 |   1670 |     61 |     51 |   1330 |   3 |  577.0 |
               +--------+--------+--------+--------+--------+-----+--------+

Top non-repeatable levels by time:
     D:1: 928 daAuts
     D:2: 791 daAuts
     D:3: 11 daAuts
